 Dungeon Crawl Stone Soup version 0.23.0 (webtiles) character file.

Game seed: 4201203410682419374

23100 skk the Spear-Bearer (level 12, -5/94 HPs)
             Began as a Demonspawn Fighter on Feb 18, 2019.
             Was the Champion of Okawaru.
             Slain by a tengu reaver
             ... wielding a +3 great sword
              (13 damage)
             ... on level 11 of the Dungeon.
             The game lasted 00:28:01 (13715 turns).

skk the Spear-Bearer (Demonspawn Fighter)          Turns: 13715, Time: 00:28:02

Health: -5/94      AC: 13    Str: 20    XL:     12   Next: 68%
Magic:  11/14      EV: 17    Int: 10    God:    Okawaru [******]
Gold:   1901       SH: 13    Dex: 14    Spells: 11/11 levels left

rFire    + + .     SeeInvis .   g - +3 broad axe (flame)
rCold    . . .     Gourm    .   c - +0 shield
rNeg     . . .     Faith    .   o - +3 ring mail {rF+}
rPois    .         Spirit   .   (no helmet)
rElec    .         Reflect  .   I - scarf {repulsion}
rCorr    .         Harm     .   (no gloves)
MR       .....                  (no boots)
Stlth    +++.......             i - amulet of rage
HPRegen  0.25/turn              e - +3 ring of slaying
MPRegen  0.14/turn              r - ring of protection from fire

@: heroism, flayed, berserk cooldown, slowed, repel missiles, very slow
A: talons 1, thin metallic scales 2, demonic guardian 1, spiny 1
a: Heroism, Finesse, Renounce Religion, Evoke Berserk Rage


You were on level 11 of the Dungeon.
You worshipped Okawaru.
Okawaru was exalted by your worship.
You were hungry.

You visited 2 branches of the dungeon, and saw 12 of its levels.

You collected 1901 gold pieces.

Inventory:

Hand Weapons
 g - a +3 broad axe of flaming (weapon)
 x - a +5 spear
Armour
 c - a +0 shield (worn)
 o - a +3 ring mail of fire resistance (worn)
 I - a scarf of repulsion (worn)
Jewellery
 e - a +3 ring of slaying (left hand)
 i - an amulet of rage (around neck)
 k - an uncursed ring of poison resistance
 l - an uncursed ring of protection from magic
 q - an uncursed ring of see invisible
 r - a ring of protection from fire (right hand)
Wands
 d - a wand of iceblast (14)
 n - a wand of polymorph (11)
 t - a wand of digging (4)
 v - a wand of acid (10)
Scrolls
 b - a scroll of identify
 h - 6 scrolls of amnesia
 j - a scroll of enchant weapon
 p - 5 scrolls of remove curse
 w - a scroll of enchant armour
 y - a scroll of teleportation
 F - a scroll of magic mapping
Potions
 m - 5 potions of curing
 s - a potion of mutation {unknown}
 u - a potion of might
 z - a potion of agility {unknown}
 B - a potion of brilliance {unknown}
 C - 2 potions of flight
 D - 2 potions of cancellation {unknown}
 G - a potion of haste {unknown}
 H - 2 potions of resistance
Miscellaneous
 a - a sack of spiders
 E - a box of beasts
Comestibles
 f - 23 rations


   Skills:
 + Level 8.9(13.9) Fighting
 + Level 5.6(14.3) Axes
 + Level 11.4(16.9) Polearms
 + Level 7.1(12.1) Armour
 + Level 5.7(10.7) Dodging
 + Level 4.1(9.1) Stealth
 + Level 8.8(13.8) Shields
 + Level 2.7 Invocations
 + Level 2.7 Evocations


You had 11 spell levels left.
You didn't know any spells.
Your spell library contained the following spells:

 Spells                   Type           Power        Failure   Level  Hunger
 Flame Tongue             Conj/Fire      #....        54%         1    ##.....
 Throw Flame              Conj/Fire      #.....       69%         2    ###....
 Conjure Flame            Conj/Fire      #.......     89%         3    ####...
 Ignite Poison            Fire/Tmut/Pois #.......     89%         3    ####...
 Inner Flame              Hex/Fire       #.......     89%         3    ####...
 Sticky Flame             Conj/Fire      #.......     100%        4    #####..
 Bolt of Magma            Conj/Fire/Erth #.........   100%        5    ######.
 Fireball                 Conj/Fire      #.........   100%        5    ######.
 Iskenderun's Battlesphe  Conj/Chrm      #.......     100%        5    ######.
 Venom Bolt               Conj/Pois      #.........   100%        5    ######.
 Bolt of Fire             Conj/Fire      #.........   100%        6    #######
 Iron Shot                Conj/Erth      #.........   100%        6    #######
 Orb of Destruction       Conj           #.........   100%        7    #######
 Ring of Flames           Chrm/Fire      #.........   100%        7    #######
 Spellforged Servitor     Conj/Summ      #.........   100%        7    #######
 Ignition                 Fire           #.........   100%        8    #######


Dungeon Overview and Level Annotations

Branches:
Dungeon (11/15)            Temple (1/1) D:5            Lair (0/6) D:8
    Orc (0/2) D:9

Altars:
Ashenzari
Cheibriados
Dithmenos
Elyvilon
Fedhas
Gozag
Hepliaklqana
Kikubaaqudgha
Makhleb
Nemelex Xobeh
Okawaru
Qazlal
Ru
Sif Muna
Trog
Uskayaw
Vehumet
Wu Jian
Xom
Yredelemnul
Zin
The Shining One


Innate Abilities, Weirdness & Mutations

You have sharp toenails.
You are mostly covered in thin metallic scales. (AC +3)
A weak demonic guardian rushes to your aid.
You are partially covered in sharp spines.


Message History

The tengu reaver is moderately wounded.
Your ufetubus completely misses the tengu reaver.
Your ufetubus closely misses the tengu reaver.
The tengu reaver hits you with a +3 great sword!!
* * * LOW HITPOINT WARNING * * *
You block the tengu reaver's attack. x2; Your ufetubus misses the tengu reaver.
Your ufetubus closely misses the tengu reaver.
Okay, then.
You feel better.
Your ufetubus hits the tengu reaver but does no damage.
Your ufetubus completely misses the tengu reaver.
The tengu reaver hits you with a +3 great sword!!
* * * LOW HITPOINT WARNING * * *
The tengu reaver pecks you but does no damage.
The tengu reaver claws you!
* * * LOW HITPOINT WARNING * * *
Your ufetubus barely misses the tengu reaver. x2
The tengu reaver is struck by your spines.
The tengu reaver hits you with a +3 great sword!
You die...

...# #.....##### #.#
#.##.. .#.# #.........##
##'## #.##.. .#.#
#.÷....##..###...## #.###.
.#.#####[..............##
#.....
.#.##...(##########.....##
###.#. .#.##.##.#
.#..#......####....
.........#
'W[#......')......
.####.##.#
#Q##....<.####.... ##
#.##.# #@5#.....## ##.#. #
#.##)# #)†#....## ###. #
#..()#######)##...## ## #
#..)(#..'..'..#.+## # #
#.##.'..#..#..#..# # #
#.##.##########..# # #
#.)...........############
##.........#...##.......##
####.####......#.#####.##


You could see a tengu reaver, a flayed ghost and a friendly ufetubus.

Vanquished Creatures
  A fire giant (D:11)
  2 hydras
  2 two-headed ogres
  A death knight (D:10)
  An unseen horror (D:11)
  The ghost of feelmyfire the Changer, a novice DgTm (D:7)
  Pikel (D:5)
  An orc knight (D:10)
  3 ugly things (D:11)
  A wolf spider zombie (D:8)
  A wolf spider (D:10)
  A deep elf mage (D:10)
  An efreet (D:10)
  2 centaur skeletons (D:10)
  A komodo dragon (D:8)
  Grinder (D:6)
  2 trolls
  A hornet (D:10)
  A slime creature (D:10)
  3 hippogriffs
  A vampire (D:10)
  3 hogs (D:10)
  2 wyverns (D:8)
  A human (D:10)
  6 yaks
  2 hungry ghosts
  2 water moccasins
  A hornet zombie (D:10)
  4 orc warriors
  3 ice beasts
  2 black bears
  11 ogres
  3 sky beasts
  An eye of draining (D:10)
  2 phantoms
  9 centaurs
  2 big kobolds
  6 bullfrogs
  Dowan (D:6)
  5 scorpions
  17 killer bees
  9 wights
  2 howler monkeys
  An electric eel (D:10)
  6 crimson imps
  2 bullfrog zombies
  4 centaur zombies
  Crazy Yiuf (D:3)
  7 hounds
  5 quasits
  9 orc priests
  A bullfrog skeleton (D:4)
  13 orc wizards
  A gnoll shaman (D:4)
  2 iguanas
  Ijyb (D:3)
  Terence (D:3)
  Natasha (thrice) (D:3)
  12 worker ants
  A hound zombie (D:5)
  A hound skeleton (D:10)
  2 worker ant zombies
  16 adders
  9 gnolls
  A howler monkey skeleton (D:7)
  A shadow imp (D:5)
  An ooze (D:3)
  2 adder zombies
  4 worms
  2 dart slugs
  6 leopard geckos
  41 orcs
  2 ball pythons
  A giant cockroach (D:4)
  4 goblins
  5 hobgoblins
  12 jackals
  6 quokkas
  3 bats
  A frilled lizard (D:4)
  12 kobolds
  A leopard gecko skeleton (D:9)
  A leopard gecko zombie (D:7)
  7 rats
334 creatures vanquished.

Vanquished Creatures (collateral kills)
  A two-headed ogre (D:11)
  An unseen horror (D:10)
  A komodo dragon (D:10)
  Sigmund (D:6)
  A yak (D:9)
  Duvessa (D:6)
  An ogre (D:6)
  2 big kobolds
  A killer bee (D:11)
  A hound (D:11)
  3 kobolds
14 creatures vanquished.

Vanquished Creatures (others)
  A fungus (D:4)
  A plant (D:8)
2 creatures vanquished.

Grand Total: 350 creatures vanquished

Notes
Turn   | Place    | Note
-------+----------+-------------------------------------------
     0 | D:1      | skk the Demonspawn Fighter began the quest for the Orb.
     0 | D:1      | Reached XP level 1. HP: 18/18 MP: 1/1
   187 | D:1      | Gained mutation: You are partially covered in thin metallic
                  | scales. (AC +2) [demonic ancestry]
   187 | D:1      | Reached XP level 2. HP: 20/24 MP: 2/2
   457 | D:1      | Reached skill level 2 in Polearms
   795 | D:2      | Reached XP level 3. HP: 20/29 MP: 3/3
  1742 | D:3      | Noticed Ijyb
  1758 | D:3      | Killed Ijyb
  1758 | D:3      | Gained mutation: You are mostly covered in thin metallic
                  | scales. (AC +3) [demonic ancestry]
  1758 | D:3      | Reached XP level 4. HP: 23/35 MP: 4/4
  1804 | D:3      | Noticed Natasha
  1812 | D:3      | Killed Natasha
  2027 | D:3      | Found a runed translucent door.
  2028 | D:3      | Noticed Crazy Yiuf
  2088 | D:3      | Noticed Natasha
  2138 | D:3      | Killed Natasha
  2138 | D:3      | Reached skill level 3 in Polearms
  2138 | D:3      | Reached XP level 5. HP: 25/41 MP: 5/5
  2272 | D:3      | Found a stormy altar of Qazlal.
  2322 | D:3      | Noticed Terence
  2339 | D:3      | Killed Terence
  2451 | D:3      | Noticed Natasha
  2460 | D:3      | Killed Natasha
  2460 | D:3      | Reached skill level 1 in Dodging
  2754 | D:2      | Reached XP level 6. HP: 17/47 MP: 6/6
  3043 | D:3      | Killed Crazy Yiuf
  3179 | D:4      | Noticed a hippogriff
  3199 | D:4      | Killed a hippogriff
  3199 | D:4      | Reached skill level 4 in Polearms
  3403 | D:4      | Gained mutation: You have sharp toenails. [demonic
                  | ancestry]
  3403 | D:4      | Reached XP level 7. HP: 48/52 MP: 7/7
  3593 | D:4      | Reached skill level 5 in Polearms
  3624 | D:4      | Reached skill level 1 in Stealth
  3851 | D:4      | Reached XP level 8. HP: 54/61 MP: 8/8
  3906 | D:4      | Found a white marble altar of Elyvilon.
  4268 | D:4      | Reached skill level 6 in Polearms
  4419 | D:5      | Entered Level 5 of the Dungeon
  4421 | D:5      | Got a smoking iron amulet
  4427 | D:5      | Identified the amulet of Rihuerir {Inacc +Inv rPois rC+
                  | Int-4} (You found it on level 5 of the Dungeon)
  4508 | D:5      | Reached skill level 5 in Fighting
  4518 | D:5      | Noticed Pikel
  4532 | D:5      | Killed Pikel
  4532 | D:5      | Reached skill level 5 in Shields
  4656 | D:5      | Found a staircase to the Ecumenical Temple.
  4683 | D:5      | Reached skill level 7 in Polearms
  4699 | Temple   | Entered the Ecumenical Temple
  4758 | Temple   | Became a worshipper of Warmaster Okawaru
  5261 | D:6      | Gained mutation: A weak demonic guardian rushes to your
                  | aid. [demonic ancestry]
  5261 | D:6      | Reached XP level 9. HP: 41/68 MP: 9/9
  5503 | D:6      | Noticed Duvessa
  5503 | D:6      | Noticed Dowan
  5511 | D:6      | Killed Duvessa
  5531 | D:6      | Killed Dowan
  5543 | D:6      | Reached * piety under Okawaru
  6015 | D:6      | Noticed Grinder
  6034 | D:6      | Killed Grinder
  6100 | D:6      | Found an ancient bone altar of Kikubaaqudgha.
  6126 | D:6      | Reached skill level 8 in Polearms
  6163 | D:6      | Reached skill level 1 in Evocations
  6231 | D:6      | Found a burning altar of Makhleb.
  6417 | D:6      | Noticed Sigmund
  6429 | D:6      | Killed Sigmund
  6429 | D:6      | Reached ** piety under Okawaru
  6429 | D:6      | Reached skill level 5 in Armour
  6863 | D:7      | Noticed feelmyfire's ghost (novice DgTm)
  6866 | D:7      | Found a transporter.
  6872 | D:7      | Found a transporter.
  6872 | D:7      | Identified the +1 dire flail of the Queen {holy, +Fly}
  7781 | D:8      | Reached *** piety under Okawaru
  7781 | D:8      | Reached skill level 9 in Polearms
  7781 | D:8      | Reached XP level 10. HP: 52/77 MP: 10/10
  7912 | D:8      | Found a glowing golden altar of the Shining One.
  7954 | D:8      | Found a staircase to the Lair.
  8313 | D:8      | Found a sparkling altar of Nemelex Xobeh.
  8364 | D:8      | Found a deep blue altar of Sif Muna.
  9010 | D:9      | Reached **** piety under Okawaru
  9084 | D:9      | Found a sacrificial altar of Ru.
  9118 | D:9      | Found a shadowy altar of Dithmenos.
  9136 | D:9      | Noticed a two-headed ogre
  9148 | D:9      | Killed a two-headed ogre
  9212 | D:9      | Reached skill level 10 in Polearms
  9225 | D:9      | Reached ***** piety under Okawaru
  9231 | D:9      | Reached skill level 1 in Invocations
  9473 | D:9      | Received a gift from Okawaru
  9476 | D:9      | Got an encrusted long sword {god gift}
  9477 | D:9      | Identified the +2 long sword "Wejeesaf" {slice, *Slow +Inv
                  | Int+9} (Okawaru gifted it to you on level 9 of the Dungeon)
  9657 | D:9      | Found a staircase to the Orcish Mines.
  9823 | D:9      | Found an opulent altar of Gozag.
  9825 | D:9      | Found a shattered altar of Ashenzari.
  9825 | D:9      | Found a snail-covered altar of Cheibriados.
  9826 | D:9      | Found a hazy altar of Hepliaklqana.
  9856 | D:10     | Entered Level 10 of the Dungeon
  9892 | D:10     | Reached XP level 11. HP: 44/84 MP: 12/12
 10939 | D:10     | Noticed an unseen horror
 10951 | D:10     | Killed an unseen horror
 11135 | D:10     | Noticed a two-headed ogre
 11138 | D:10     | Noticed a death knight
 11143 | D:10     | Noticed a deep elf mage
 11151 | D:10     | Killed a two-headed ogre
 11151 | D:10     | Received a gift from Okawaru
 11151 | D:10     | Reached skill level 11 in Polearms
 11155 | D:10     | Killed a deep elf mage
 11161 | D:10     | Killed a death knight
 11161 | D:10     | Reached skill level 5 in Dodging
 11201 | D:10     | Noticed an orc knight
 11300 | D:10     | Noticed a wolf spider
 11303 | D:10     | Noticed an eight-headed hydra
 11688 | D:10     | Killed an eight-headed hydra
 11699 | D:10     | Killed an orc knight
 11886 | D:10     | Killed a wolf spider
 12357 | D:7      | Gained mutation: You are partially covered in sharp spines.
                  | [demonic ancestry]
 12357 | D:7      | Reached XP level 12. HP: 93/93 MP: 10/13
 12362 | D:7      | Killed feelmyfire's ghost
 12603 | D:11     | Reached skill level 1 in Axes
 12928 | D:11     | Noticed a two-headed ogre
 12934 | D:11     | Killed a two-headed ogre
 12966 | D:11     | Noticed an eight-headed hydra
 12977 | D:11     | Killed a five-headed hydra
 13394 | D:11     | Reached ****** piety under Okawaru
 13680 | D:11     | Found a runed translucent door.
 13681 | D:11     | Noticed a fire giant
 13689 | D:11     | Reached skill level 5 in Axes
 13705 | D:11     | Killed a fire giant
 13705 | D:11     | Received a gift from Okawaru
 13709 | D:11     | Noticed a tengu reaver
 13715 | D:11     | Slain by a tengu reaver

Skill      XL: |  1  2  3  4  5  6  7  8  9 10 11 12 |
---------------+-------------------------------------+-----
Shields        | 3 4 5 6 7 8 |  8.8
Polearms       | 2 3 4 5 7 9 10 11 | 11.4
Armour         | 3 4 5 6 7 |  7.1
Dodging        | 1 2 3 5 |  5.7
Fighting       | 4 5 6 7 8 |  8.9
Stealth        | 1 2 3 4 |  4.1
Evocations     | 1 2 |  2.7
Invocations    | 1 2 |  2.7
Axes           | 5 |  5.6

Action                   |  1- 3 |  4- 6 |  7- 9 | 10-12 || total
-------------------------+-------+-------+-------+-------++-------
Melee: Trident           |   177 |   182 |   459 |   274 ||  1092
       Kick              |       |       |    96 |   180 ||   276
       Spear             |       |       |       |   234 ||   234
       Broad axe         |       |       |       |   119 ||   119
Invok: Heroism           |       |       |       |    11 ||    11
 Abil: Evoke Berserk Rag |       |       |     3 |     7 ||    10
Evoke: Wand              |       |       |     1 |       ||     1
  Use: Scroll            |     1 |       |    10 |    13 ||    24
       Potion            |     1 |     3 |     2 |     4 ||    10
 Stab: Sleeping          |       |       |     2 |     3 ||     5
       Distracted        |       |       |       |     6 ||     6
       Invisible         |       |       |       |     1 ||     1
  Eat: Chunk             |     1 |     7 |     9 |    15 ||    32
       Ration            |       |       |     3 |     3 ||     6
Armor: Scale mail        |    75 |       |       |       ||    75
       Ring mail         |       |    76 |    97 |   101 ||   274
       Skin              |       |    20 |    18 |       ||    38
Dodge: Dodged            |    52 |    63 |   106 |   181 ||   402
       Deflected         |       |       |       |     4 ||     4
Block: Shield            |    69 |    65 |   157 |   247 ||   538
